 Dungeon Crawl Stone Soup version 0.25-a0-265-g7af84ae0ac (webtiles) character file.

Game seed: 9454602789966539844, levelgen mode: classic

286 Borgoz the Covered (level 6, 0/38 HPs)
             Began as a Gargoyle Fighter on Dec 7, 2019.
             Killed by divine providence
             ... invoked by an orc priest
              (13 damage)
             ... on level 3 of the Dungeon.
             The game lasted 00:04:19 (2776 turns).

Borgoz the Covered (Gargoyle Fighter)               Turns: 2776, Time: 00:04:19

Health: 0/38       AC: 12    Str: 20    XL:     6   Next: 30%
Magic:  0/8        EV:  8    Int:  9    God:
Gold:   151        SH:  9    Dex: 10    Spells: 8/8 levels left

rFire    . . .     SeeInvis .   o - +1 mace (crush)
rCold    . . .     Gourm    .   c - +0 shield
rNeg     + . .     Faith    .   h - +0 ring mail (curse)
rPois    ∞         Spirit   +   (no helmet)
rElec    +         Reflect  .   d - +0 cloak
rCorr    .         Harm     .   m - +0 pair of gloves
MR       .....                  (no boots)
Stlth    +.........             b - amulet of guardian spirit
HPRegen  0.12/turn              (no ring)
MPRegen  0.11/turn              (no ring)

@: no status effects
A: negative energy resistance 1, electricity resistance, unbreathing,
petrification resistance, rot immunity, AC +4
a: no special abilities


You were on level 3 of the Dungeon.
You were not hungry.

You visited 1 branch of the dungeon, and saw 3 of its levels.

You collected 151 gold pieces.

Inventory:

Hand Weapons
 a - a +0 flail
 o - a +1 mace of crushing (weapon)
 p - a +1 mace of protection
Armour
 c - a +0 shield (worn)
 d - a +0 cloak (worn)
 h - a cursed +0 ring mail (worn)
 m - a +0 pair of gloves (worn)
Jewellery
 b - an amulet of guardian spirit (around neck)
Scrolls
 g - a scroll of amnesia {unknown}
Potions
 j - a potion of lignification {unknown}
 k - a potion of magic {unknown}
 l - a potion of brilliance {unknown}
 r - a potion of degeneration {unknown}
Comestibles
 f - 7 rations
 n - a chunk of flesh


   Skills:
 + Level 3.9 Fighting
 * Level 3.4 Maces & Flails
 * Level 4.6 Armour
 + Level 1.2 Dodging
 + Level 2.2 Stealth
 + Level 3.9 Shields
 + Level 1.5 Spellcasting


You had 8 spell levels left.
You didn't know any spells.
Your spell library was empty.

Dungeon Overview and Level Annotations

Branches:
Dungeon (3/15)

Altars:
Dithmenos
Hepliaklqana
Makhleb
Trog
Wu Jian
Xom
Yredelemnul


Innate Abilities, Weirdness & Mutations

You are resistant to torment.
Your stone body is resilient. (AC +4)
You are immune to poison.
You resist negative energy. (rN+)
You are resistant to electric shocks. (rElec)
You can survive without breathing.
You are immune to petrification.
You are immune to rotting.


Message History

The orc warrior closely misses you. You block the orc's attack.
You feel better.
The orc warrior hits you but does no damage.
You block the orc's attack.
You hit the orc warrior but do no damage.
The orc warrior is almost dead.
The orc warrior hits you with a +0 glaive!
The orc hits you but does no damage.
You hit the orc warrior.
You kill the orc warrior!
Your Stealth skill increases to level 2!
You have reached level 6!
Your experience leads to an increase in your attributes!
Increase (S)trength, (I)ntelligence, or (D)exterity?
You feel stronger. You block the orc's attack.
You closely miss the orc.
The orc priest invokes the aid of Beogh against you.
Beogh smites you!
You die...

... ...........##
......###.#......#..##
.$....................
#...........<#.......
#..........###.##..##
...........)...#..##
##### #.......###..#...#
......#o......##.....#.#
#....oo@......###.####(#
#.##..######### #.......
.... #######.. #.##
......... # ########. ##
### #.. #..


You could see an orc priest and 2 orcs.

Vanquished Creatures
  An orc warrior (D:3)
  Crazy Yiuf (D:2)
  An orc wizard (D:3)
  Natasha (twice) (D:2)
  A gnoll (D:1)
  2 adders
  A worm (D:2)
  4 dart slugs
  4 orcs (D:3)
  A giant cockroach (D:2)
  8 hobgoblins
  6 kobolds
  2 quokkas (D:2)
  4 bats
  5 frilled lizards
  10 goblins
  9 rats
  A fungus (D:2)
63 creatures vanquished.

Notes
Turn   | Place    | Note
-------+----------+-------------------------------------------
     0 | D:1      | Borgoz the Gargoyle Fighter began the quest for the Orb.
     0 | D:1      | Reached XP level 1. HP: 14/14 MP: 1/1
   301 | D:1      | Reached XP level 2. HP: 4/19 MP: 2/2
   691 | D:1      | Reached XP level 3. HP: 22/23 MP: 3/3
  1346 | D:2      | Found a burning altar of Makhleb.
  1492 | D:2      | Reached skill level 1 in Stealth
  1535 | D:2      | Reached XP level 4. HP: 24/28 MP: 5/5
  1577 | D:2      | Found a runed translucent door.
  1578 | D:2      | Noticed Crazy Yiuf
  1584 | D:2      | Killed Crazy Yiuf
  1584 | D:2      | Reached skill level 1 in Spellcasting
  1630 | D:2      | Found an ornate altar of the Wu Jian Council.
  1633 | D:2      | Found a shadowy altar of Dithmenos.
  1633 | D:2      | Found a shimmering altar of Xom.
  1636 | D:2      | Found a basalt altar of Yredelemnul.
  1638 | D:2      | Found a bloodstained altar of Trog.
  1666 | D:2      | Noticed Natasha
  1675 | D:2      | Killed Natasha
  1675 | D:2      | Reached skill level 4 in Armour
  1716 | D:2      | Reached XP level 5. HP: 30/33 MP: 6/6
  2104 | D:2      | Noticed Natasha
  2115 | D:2      | Killed Natasha
  2115 | D:2      | Reached skill level 1 in Dodging
  2371 | D:3      | Found a hazy altar of Hepliaklqana.
  2761 | D:3      | Noticed an orc warrior
  2775 | D:3      | Killed an orc warrior
  2775 | D:3      | Reached XP level 6. HP: 12/38 MP: 1/8
  2776 | D:3      | Killed from afar by an orc priest

Levels and vault maps discovered:
D:1:      sevenhm_arrival_forest_fort_large_2, layout_basic
D:2:      layout_loops_corners, grunt_temple_overflow_open, first_ration,
          bloody_makhleb, uniq_natasha, uniq_crazy_yiuf_cottage
D:3:      layout_basic, dancing_weapons_uskayaw, overflow_temple_1_default,
          nicolae_overflow_hidden_temple

Skill      XL: |  1  2  3  4  5 |
---------------+----------------+-----
Stealth        | 1 2 |  2.2
Spellcasting   | 1 |  1.5
Armour         | 4 |  4.6
Maces & Flails | 3 |  3.4
Dodging        | 1 |  1.2
Fighting       | |  3.9
Shields        | |  3.9

Action                   |  1- 3 |  4- 6 || total
-------------------------+-------+-------++-------
Melee: Flail             |   119 |    62 ||   181
       Mace              |       |    61 ||    61
  Use: Scroll            |       |     2 ||     2
       Potion            |       |     5 ||     5
 Stab: Invisible         |       |     1 ||     1
  Eat: Chunk             |     2 |     4 ||     6
Armor: Scale mail        |    60 |    22 ||    82
       Ring mail         |       |    58 ||    58
Dodge: Dodged            |    33 |    39 ||    72
Block: Shield            |    54 |    76 ||   130

Table legend:
 A = Non-vault XP
 B = Vault XP
 C = Vault XP percentage of total XP
 D = Non-vault monster count
 E = Vault monster count
 F = Vault count percentage of total count
                 A         B        C        D         E       F
            +---------+---------+-------+---------+---------+-------
      Total |     337 |      72 |  17.6 |      60 |       2 |   3.2
            +---------+---------+-------+---------+---------+-------
        D:1 |      47 |       0 |   0.0 |      22 |       0 |   0.0
        D:2 |      98 |      72 |  42.4 |      27 |       2 |   6.9
        D:3 |     192 |       0 |   0.0 |      11 |       0 |   0.0
            +---------+---------+-------+---------+---------+-------
